 Dungeon Crawl Stone Soup version 0.30-a0-457-g4b7bca3bfa (webtiles) character file.

Game seed: 8626583817837137049

16790 CrazyBamboolord the Zephyrmancer (level 12, -7/59 HPs)
             Began as a Tengu Air Elementalist on Dec 13, 2022.
             Was an Initiate of Vehumet.
             Mangled by a manticore (8 damage)
             ... on level 11 of the Dungeon.
             The game lasted 00:49:56 (14469 turns).

CrazyBamboolord the Zephyrmancer (TeAE)            Turns: 14469, Time: 00:49:56

Health: -7/59      AC:  9    Str:  8    XL:     12   Next: 41%
Magic:  4/28       EV: 18    Int: 21    God:    Vehumet [......]
Gold:   812        SH:  0    Dex: 15    Spells: 20/33 levels left

rFire   . . .      SeeInvis .    f - +3 scimitar (holy)
rCold   . . .      Faith    .    (no shield)
rNeg    . . .      Spirit   .    B - +0 steam dragon scales
rPois   .          Reflect  .    (helmet restricted)
rElec   .          Harm     .    E - +0 cloak
rCorr   .          Rampage  .    l - +2 pair of gloves
Will    .....                    (boots unavailable)
Stlth   ++++......               x - amulet of magic regeneration
HPRegen 0.29/turn                (no ring)
MPRegen 0.61/turn                (no ring)

@: spiked, flying quickly and evasively, quick
A: beak, talons 3, nimble flight
a: Renounce Religion


You were on level 11 of the Dungeon.
You worshipped Vehumet.
Vehumet was noncommittal.
You visited 2 branches of the dungeon, and saw 12 of its levels.
You also visited: Ossuary and Bailey.

You collected 994 gold pieces.
You spent 182 gold pieces at shops.

Inventory:

Hand Weapons
 f - a +3 scimitar of holy wrath (weapon)
Armour
 a - a +1 robe
 l - a +2 pair of gloves (worn)
 v - +0 acid dragon scales
 B - +0 steam dragon scales (worn)
 E - a +0 cloak (worn)
 I - a +3 leather armour
Jewellery
 e - an amulet of guardian spirit
 m - an amulet of reflection
 x - an amulet of magic regeneration (around neck)
 J - a ring of fire
 M - a +6 ring of strength
Wands
 j - a wand of mindburst (16)
 k - a wand of polymorph (12)
 w - a wand of flame (36)
 z - a wand of iceblast (14)
 C - a wand of digging (1)
 K - a wand of paralysis (4)
Scrolls
 b - 2 scrolls of silence
 c - 3 scrolls of immolation
 h - 9 scrolls of teleportation
 t - a scroll of summoning
 y - 2 scrolls of poison
 A - 2 scrolls of fog
 H - 3 scrolls of enchant weapon
 L - 3 scrolls of identify
Potions
 d - a potion of magic
 g - 6 potions of flight
 n - 3 potions of haste {unknown}
 o - 3 potions of attraction {unknown}
 p - a potion of ambrosia
 q - 3 potions of degeneration {unknown}
 r - 2 potions of resistance {unknown}
 s - 4 potions of cancellation {unknown}
 u - 7 potions of mutation {unknown}
 D - a potion of lignification {unknown}
 G - 2 potions of berserk rage {unknown}


   Skills:
 * Level 7.4 Dodging
 * Level 7.2 Stealth
 - Level 1.2 Shields
 * Level 11.0 Spellcasting
 * Level 9.8 Conjurations
 * Level 14.9 Air Magic


You had 20 spell levels left.
You knew the following spells:

 Your Spells              Type           Power      Damage    Failure   Level
a - Shock                 Conj/Air       100%       1d9       1%          1
b - Static Discharge      Conj/Air       100%       2-7/arc   1%          2
c - Swiftness             Air            65%        N/A       1%          3
d - Airstrike             Air            32%        2d(5-21)  1%          4
e - Hailstorm             Conj/Ice       32%        3d8       2%          3

Your spell library contained the following spells:

 Spells                   Type           Power      Damage    Failure   Level
 Kiss of Death            Conj/Necr      100%       2d13      1%          1
 Freeze                   Ice            44%        1d6       5%          1
 Call Canine Familiar     Summ           11%        N/A       17%         3
 Confusing Touch          Hex            11%        N/A       17%         3
 Frozen Ramparts          Ice            22%        1d4       17%         3
 Portal Projectile        Hex/Tloc       22%        N/A       17%         3
 Tukima's Dance           Hex            11%        N/A       17%         3
 Animate Dead             Necr           11%        N/A       50%         4
 Dispel Undead            Necr           11%        3d9       50%         4
 Leda's Liquefaction      Hex/Erth       5%         N/A       50%         4
 Manifold Assault         Tloc           11%        N/A       50%         4
 Blade Hands              Tmut           5%         N/A       85%         5
 Borgnjor's Vile Clutch   Necr/Erth      5%         N/A       85%         5
 Death Channel            Necr           5%         N/A       100%        6
 Dispersal                Tloc           5%         N/A       100%        6
 Disjunction              Tloc           5%         N/A       100%        8


Dungeon Overview and Level Annotations

Branches:
Dungeon (11/15)            Temple (1/1) D:5            Lair (0/5) D:9
Ossuary (visited)          Bailey (visited)
    Orc: D:9-12

Altars:
Ashenzari
Cheibriados
Dithmenos
Elyvilon
Fedhas
Gozag
Hepliaklqana
Kikubaaqudgha
Makhleb
Nemelex Xobeh
Okawaru
Qazlal
Ru
Sif Muna
Trog
Uskayaw
Vehumet
Wu Jian
Xom
Yredelemnul
Zin
The Shining One

Shops:
D:4 (


Innate Abilities, Weirdness & Mutations

You have a beak for a mouth.
You have claws for feet.
Your magical nature lets you fly swiftly and evasively.


Message History

Confirm with . or Enter, or press ? or * to list all spells.
Aiming: Airstrike (safe; 1% risk of failure)
Press: ? - help, Dir - move target, f/p - manticore
Aim: a manticore (moderately wounded, empty space bonus: 4/8)
The air twists around and strikes the manticore.
The manticore is heavily wounded.
Unknown command.
Unknown command.
Casting: Airstrike (safe; 1% risk of failure)
Confirm with . or Enter, or press ? or * to list all spells.
Aiming: Airstrike (safe; 1% risk of failure)
Press: ? - help, Dir - move target, f/p - manticore
Aim: a manticore (heavily wounded, empty space bonus: 4/8)
The air twists around and strikes the manticore!
The manticore is heavily wounded.
The manticore bites you. The manticore misses you. The manticore claws you.
Unknown command.
Casting: Airstrike (safe; 1% risk of failure)
Confirm with . or Enter, or press ? or * to list all spells.
Aiming: Airstrike (safe; 1% risk of failure)
Press: ? - help, Dir - move target, f/p - manticore
Aim: a manticore (heavily wounded, empty space bonus: 4/8)
The air twists around and strikes the manticore!
The manticore is almost dead.
Something hits you. The manticore bites you!
The manticore claws you but does no damage. x2
Unknown command.
Casting: Airstrike (safe; 1% risk of failure)
Confirm with . or Enter, or press ? or * to list all spells.
You don't have enough magic to cast this spell.
Unknown command.
You hit the manticore. Your kick misses the manticore.
You peck the manticore, but do no damage.
The manticore is almost dead.
Something hits you!
The manticore bites you but does no damage.
The manticore misses you. x2; The manticore bites you!!
* * * LOW HITPOINT WARNING * * *
The manticore claws you!
You die...

# #.
#...............
# ...............
# #'#......⌠.⌠...
# #.........o....
# ..
...#.......... #
....#.##.†.......
#
.................
#
...).##.#########
# ......H@..# #
....#.#.#.# # ###
.. #.#.#.#
######.# # #.#.#
.......# #.#.#
######.# #.#.#
#.# #.#.#
#.###### #.#.#
#......# #.#


You could see a manticore.

Vanquished Creatures
  2 vault guards (Bailey)
  A hydra (D:11)
  A rakshasa (D:11)
  3 two-headed ogres
  A fire crab (D:9)
  An orc knight (D:11)
  Pikel (D:4)
  2 manticores (D:11)
  A faun (shapeshifter) (D:11)
  A cyclops (D:9)
  Maurice (D:8)
  2 unseen horrors (D:11)
  Maggie (D:8)
  A komodo dragon (D:11)
  5 trolls
  A hornet (D:9)
  Prince Ribbit (Bailey)
  5 shadows
  A wyvern (D:11)
  5 yaks
  3 wraiths
  3 humans (Bailey)
  A steam dragon (D:8)
  2 acid dragons
  Duvessa (D:5)
  A water moccasin (D:8)
  An ice beast (D:8)
  6 orc warriors
  5 centaurs
  An ogre (D:6)
  4 lemures (D:4)
  5 kobold brigands
  10 bullfrogs
  2 gnoll sergeants
  2 scorpions
  A water moccasin zombie (Ossuary)
  A wight (Ossuary)
  Dowan (D:5)
  A killer bee (D:9)
  An electric eel (D:8)
  A howler monkey (D:7)
  2 bullfrog zombies (Ossuary)
  A centaur zombie (Ossuary)
  5 orc priests
  A gnoll bouda (D:5)
  Jessica (D:2)
  12 orc wizards
  3 scorpion zombies (Ossuary)
  3 ogre zombies (Ossuary)
  20 gnolls
  10 adders
  A white imp (D:5)
  2 dart slugs
  42 orcs
  5 bats
  5 endoplasms
  4 giant cockroaches
  10 hobgoblins
  11 jackals
  2 quokkas
  10 ball pythons
  2 frilled lizards (D:1)
  5 gnoll zombies (Ossuary)
  13 goblins
  5 goblin zombies (Ossuary)
  4 hobgoblin zombies (Ossuary)
  25 kobolds
  3 orc zombies (Ossuary)
  4 rats
301 creatures vanquished.

Vanquished Creatures (collateral kills)
  4 bullfrogs (Bailey)
4 creatures vanquished.

Grand Total: 305 creatures vanquished

Notes
Turn   | Place    | Note
-------+----------+-------------------------------------------
     0 | D:1      | CrazyBamboolord the Tengu Air Elementalist began the quest
                  | for the Orb.
     0 | D:1      | Reached XP level 1. HP: 10/10 MP: 4/4
   135 | D:1      | Found a faded altar of an unknown god.
   143 | D:1      | Reached XP level 2. HP: 15/15 MP: 1/6
   690 | D:2      | Learned a level 2 spell: Static Discharge
   982 | D:2      | Reached XP level 3. HP: 19/19 MP: 5/7
  1096 | D:2      | Reached skill level 5 in Air Magic
  1431 | D:2      | Reached XP level 4. HP: 24/24 MP: 4/8
  1434 | D:2      | Noticed Jessica
  1436 | D:2      | Killed Jessica
  2312 | D:3      | Gained mutation: Your magical nature lets you fly swiftly
                  | and evasively. [Tengu growth]
  2312 | D:3      | Reached XP level 5. HP: 28/28 MP: 6/10
  2600 | D:3      | Found a snail-covered altar of Cheibriados.
  2677 | D:3      | Found an opulent altar of Gozag.
  2696 | D:3      | Found an ornate altar of the Wu Jian Council.
  2696 | D:3      | Found a hide-covered altar of Uskayaw.
  2856 | D:4      | Found Nedawollutt's Antique Weapon Shop.
  2861 | D:4      | Bought a runed scimitar for 182 gold pieces
  3025 | D:4      | Noticed a lemure
  3026 | D:4      | Noticed Pikel
  3026 | D:4      | Noticed a lemure
  3026 | D:4      | Noticed a lemure
  3026 | D:4      | Noticed a lemure
  3154 | D:4      | Killed a lemure
  3186 | D:4      | Killed a lemure
  3186 | D:4      | Killed a lemure
  3186 | D:4      | Killed a lemure
  3270 | D:4      | Learned a level 3 spell: Swiftness
  3275 | D:4      | Learned a level 4 spell: Airstrike
  3284 | D:4      | Found a sand-covered staircase.
  3300 | Ossuary  | Entered an ossuary
  3534 | Ossuary  | Reached skill level 6 in Air Magic
  3534 | Ossuary  | Reached XP level 6. HP: 18/32 MP: 3/12
  3825 | Ossuary  | Reached XP level 7. HP: 19/36 MP: 1/13
  4057 | Ossuary  | Noticed a silent spectre
  4595 | D:4      | Killed Pikel
  4596 | D:4      | Reached skill level 1 in Shields
  4596 | D:4      | Reached skill level 5 in Conjurations
  4596 | D:4      | Reached skill level 7 in Air Magic
  4596 | D:4      | Reached XP level 8. HP: 4/41 MP: 4/15
  4796 | D:5      | Entered Level 5 of the Dungeon
  5040 | D:5      | Noticed Duvessa
  5041 | D:5      | Noticed Dowan
  5054 | D:5      | Reached skill level 5 in Spellcasting
  5063 | D:5      | Killed Duvessa
  5079 | D:5      | HP: 2/41 [Dowan/+2 dagger of electrocution (14)]
  5641 | D:5      | Found a staircase to the Ecumenical Temple.
  5704 | Temple   | Entered the Ecumenical Temple
  5900 | D:5      | Killed Dowan
  5901 | D:5      | Reached skill level 8 in Air Magic
  6555 | D:6      | Reached XP level 9. HP: 39/45 MP: 16/18
  7052 | D:7      | Found a flagged portal.
  7101 | Bailey   | Entered a bailey
  7227 | Bailey   | Reached skill level 5 in Dodging
  7227 | Bailey   | Reached skill level 9 in Air Magic
  7360 | Bailey   | Reached skill level 5 in Stealth
  7456 | Bailey   | Noticed a vault guard
  7473 | Bailey   | Killed a vault guard
  7474 | Bailey   | Reached skill level 10 in Air Magic
  7474 | Bailey   | Reached XP level 10. HP: 50/50 MP: 1/22
  7623 | Bailey   | Noticed Prince Ribbit
  7623 | Bailey   | Noticed a vault guard
  7644 | Bailey   | Killed Prince Ribbit
  7693 | Bailey   | Killed a vault guard
  7694 | Bailey   | Reached skill level 11 in Air Magic
  7748 | Bailey   | Learned a level 3 spell: Hailstorm
  8723 | D:7      | Found a sacrificial altar of Ru.
  8842 | D:8      | Noticed a two-headed ogre
  8851 | D:8      | Killed a two-headed ogre
  9048 | D:8      | Noticed Maurice
  9184 | D:8      | Killed Maurice
  9341 | D:8      | Found a broken altar of Ashenzari.
  9341 | D:8      | Found a hazy altar of Hepliaklqana.
  9349 | D:8      | Reached skill level 12 in Air Magic
  9510 | D:8      | Noticed Maggie
  9622 | D:8      | Killed Maggie
  9829 | D:8      | Reached XP level 11. HP: 54/54 MP: 6/24
 10147 | D:9      | Noticed a cyclops
 10149 | D:9      | Noticed a fire crab
 10152 | D:9      | Killed a cyclops
 11537 | D:9      | Found a staircase to the Lair.
 11547 | D:9      | Killed a fire crab
 11548 | D:9      | Reached skill level 13 in Air Magic
 11761 | D:10     | Entered Level 10 of the Dungeon
 11948 | D:10     | Noticed a two-headed ogre
 11962 | D:10     | Killed a two-headed ogre
 12202 | D:10     | Found a radiant altar of Vehumet.
 12204 | D:10     | Noticed a boulder beetle
 12564 | D:10     | Became a worshipper of Vehumet
 12642 | D:10     | Noticed a two-headed ogre
 12721 | D:10     | Killed a two-headed ogre
 13263 | D:11     | Reached skill level 10 in Spellcasting
 13403 | D:11     | Noticed an orc knight
 13469 | D:11     | Reached skill level 14 in Air Magic
 13497 | D:11     | Noticed a manticore
 13507 | D:11     | Killed a manticore
 13511 | D:11     | Reached XP level 12. HP: 48/59 MP: 5/27
 13551 | D:11     | Noticed a seven-headed hydra
 13578 | D:11     | Killed a seven-headed hydra
 13849 | D:11     | HP: 1/59 [something (7)]
 13902 | D:11     | Noticed a rakshasa
 14012 | D:11     | Killed a rakshasa
 14243 | D:11     | Found a hide-covered altar of Uskayaw.
 14243 | D:11     | Found a burning altar of Makhleb.
 14469 | D:11     | HP: 1/59 [manticore (21)]
 14469 | D:11     | Mangled by a manticore

Illustrated notes

Levels and vault maps discovered:
D:1:      lemuel_arrival_behind_the_door_large, layout_rooms,
          ebering_ecumenical_altar_box, minmay_misc_feat_diagonals,
          chequers_serial_rivers_room_a
D:2:      cheibrodos_helix_gallery, layout_basic, minmay_tall_x, uniq_jessica
D:3:      layout_basic, mainiacjoe_overflow_small_starburst,
          nicolae_gozag_cash_rules_everything_around_me,
          amethyst_overflow_temple_binary
D:4:      layout_loops_ring, nicolae_ossuary_entry_ruins, serial_shops, shop,
          uniq_pikel
D:5:      layout_basic, minmay_temple_entry_tees, uniq_duvessa
D:6:      layout_basic, nrook_mini_backslash
D:7:      layout_loops_corners, mainiacjoe_overflow_alcove_2, enter_bailey_5
D:8:      layout_basic, mainiacjoe_overflow_catwalk_spiral, uniq_maurice,
          uniq_maggie
D:9:      kennysheep_spiral_hall, layout_basic, minmay_lair_entry_lava
D:10:     layout_basic, vehumet_altar_wand_db, nicolae_water_bricks
D:11:     minmay_the_grid_octo_tiled_octocenter_mashed
          [minmay_the_grid_octo_horde, minmay_the_grid_octo_empty,
          minmay_the_grid_octo_shrine, minmay_the_grid_octo_chip,
          minmay_the_grid_octo_prize_ultimate_mussel_roller,
          minmay_the_grid_square_5x5_corner,
          minmay_the_grid_square_5x5_shuriken,
          minmay_the_grid_square_5x5_dogpile,
          minmay_the_grid_square_5x5_hourglass], layout_basic, orc_0_dummy,
          corexii_hall_statues_x, uniq_erolcha
Temple:   zaba_magenta_temple

Skill      XL: |  1  2  3  4  5  6  7  8  9 10 11 12 |
---------------+-------------------------------------+-----
Air Magic      | 5 6 7 8 10 12 14 | 14.9
Conjurations   | 2 3 4 5 6 7 8 9 |  9.8
Spellcasting   | 3 4 5 7 8 10 11 | 11.0
Dodging        | 3 4 5 6 7 |  7.4
Stealth        | 3 4 5 6 7 |  7.2
Shields        | 1 |  1.2

Action                   |  1- 3 |  4- 6 |  7- 9 | 10-12 || total
-------------------------+-------+-------+-------+-------++-------
Melee: Unarmed           |    10 |       |       |       ||    10
       Kick              |     2 |    16 |     4 |     3 ||    25
       Peck              |     2 |    11 |     2 |     4 ||    19
       Scimitar          |       |    45 |     7 |    12 ||    64
       Punch             |       |     2 |       |       ||     2
 Cast: Shock             |    56 |   138 |   155 |   152 ||   501
       Airstrike         |       |       |    28 |   186 ||   214
       Static Discharge  |       |       |     4 |    33 ||    37
       Hailstorm         |       |       |       |     3 ||     3
  Use: Scroll            |     1 |     8 |     9 |     9 ||    27
       Potion            |       |     4 |     4 |     5 ||    13
 Stab: Sleeping          |       |     1 |       |       ||     1
Armor: Robe              |     2 |    19 |    13 |       ||    34
       Acid dragon scale |       |       |       |    10 ||    10
       Steam dragon scal |       |       |       |    42 ||    42
Dodge: Dodged            |     7 |    97 |    73 |   146 ||   323
Block: Other             |       |    32 |     7 |       ||    39
       Reflection        |       |       |     2 |       ||     2

Table legend: (Time is in decaauts)
 A = Elapsed time spent in this place.
 B = Non-inter-level travel time spent in this place.
 C = Inter-level travel time spent in this place.
 D = Time resting spent in this place.
 E = Time spent auto-exploring this place.
 F = Levels seen in this place.
 G = Mean time per level.
                   A        B        C        D        E       F      G
               +--------+--------+--------+--------+--------+-----+--------+
         Total |  13801 |  12806 |    995 |   2842 |   6847 |  14 |  985.8 |
       Dungeon |  12105 |  11160 |    945 |   1901 |   6825 |  11 | 1100.5 |
        Temple |     79 |     30 |     49 |      0 |      0 |   1 |   79.0 |
       Ossuary |    788 |    788 |      0 |    402 |      0 |   1 |  788.0 |
        Bailey |    828 |    828 |      0 |    539 |     21 |   1 |  828.0 |
               +--------+--------+--------+--------+--------+-----+--------+

Top non-repeatable levels by time:
     D:4: 1477 daAuts
     D:8: 1454 daAuts
    D:10: 1399 daAuts
     D:9: 1315 daAuts
     D:2: 1176 daAuts
    D:11: 1173 daAuts
     D:3: 957 daAuts
     D:7: 906 daAuts
     D:5: 831 daAuts
  Bailey: 828 daAuts
 Ossuary: 788 daAuts
     D:6: 727 daAuts
     D:1: 686 daAuts
  Temple: 79 daAuts
